 Dungeon Crawl Stone Soup version 0.27-a0-277-g024f7ef292 (webtiles) character file.

Game seed: 6479310088608310009

420 Redear the Skirmisher (level 6, 0/50 HPs)
             Began as a Mummy Monk on Feb 6, 2021.
             Slain by an ogre
             ... wielding a +0 giant spiked club
              (22 damage)
             ... on level 5 of the Dungeon.
             The game lasted 00:32:48 (8677 turns).

Redear the Skirmisher (Mummy Monk)                  Turns: 8677, Time: 00:32:49

Health: 0/50       AC:  7    Str: 14    XL:     6   Next: 62%
Magic:  6/6        EV: 14    Int: 10    God:
Gold:   163        SH:  0    Dex: 16    Spells: 5/5 levels left

rFire    x . .     SeeInvis .     - Unarmed
rCold    + . .     Faith    .   (no shield)
rNeg     + + +     Spirit   .   a - +0 robe
rPois    ∞         Reflect  .   (no helmet)
rElec    .         Harm     .   (no cloak)
rCorr    .         Rampage  .   b - +0 pair of gloves
Will     .....                  (no boots)
Stlth    ++........             (no amulet)
HPRegen  0.16/turn              (no ring)
MPRegen  0.10/turn              i - +4 ring of protection

@: no status effects
A: no potions, fire vulnerability, cold resistance 1, negative energy resistance
3, torment resistance, unbreathing
a: no special abilities


You were on level 5 of the Dungeon.
You visited 1 branch of the dungeon, and saw 5 of its levels.

You collected 163 gold pieces.

Inventory:

Armour
 a - a +0 robe (worn)
 b - a +0 pair of gloves (worn)
Jewellery
 c - an uncursed ring of protection from cold {rC+}
 e - an uncursed ring of ice {rC+ rF-}
 f - an uncursed ring of protection from fire {rF+}
 i - a +4 ring of protection (right hand)
 m - an uncursed amulet of guardian spirit {unknown}
Scrolls
 d - 2 scrolls of blinking {unknown}
 g - a scroll of amnesia {unknown}
 h - 2 scrolls of enchant armour {unknown}
 k - 2 scrolls of identify {unknown}
 l - 2 scrolls of teleportation {unknown}
 n - a scroll of fog {unknown}
 N - 2 scrolls of remove curse


   Skills:
 + Level 4.9 Fighting
 + Level 4.0 Dodging
 - Level 1.5 Stealth
 + Level 4.1 Unarmed Combat


You had 5 spell levels left.
You didn't know any spells.
Your spell library was empty.

Dungeon Overview and Level Annotations

Branches:
Dungeon (5/15)
 Temple: D:4-7

Altars:
Cheibriados
Kikubaaqudgha
Qazlal
Ru
Wu Jian
Xom

Annotations:
D:2 Terence
D:3 Grinder, Sigmund


Innate Abilities, Weirdness & Mutations

You do not drink.
Your flesh is vulnerable to fire.
You are immune to poison.
Your flesh is cold resistant. (rC+)
You are immune to negative energy. (rN+++)
You are immune to unholy pain and torment.
You can survive without breathing.


Message History

You see here 15 stones.
There is a stone staircase leading down here.
You remove your ring of protection from cold {rC+}.
The ogre barely misses you.
There is an open door here.
There is an open door here.
c - a ring of protection from cold (left hand) {rC+}
There is an open door here.
Nothing quivered!
You remove your ring of protection from cold {rC+}.
The ogre hits you with a +0 giant club.
You take 6 damage, and have 16/50 hp.
You close the door.
An ogre opens the door.
You close the door.
There is an open door here.
There is a stone staircase leading down here.
You climb downwards.
The ogre shouts!
The ogre hits you with a +0 giant spiked club!!
You die...

#.$..............8....#
.....#.#..............#
.....#.#.............##
................._...#
.......).>..........##
.................#..#
.................#.##
...........#.......#
......#.##....@###
......#####.#..O#
...... ####..# .....
#### #.... ###.


You could see an ogre.

Vanquished Creatures
  An ice beast (D:5)
  A centaur skeleton (D:3)
  2 worker ants (D:4)
  A hound zombie (D:5)
  A worker ant zombie (D:2)
  7 adders
  2 gnolls (D:5)
  A howler monkey skeleton (D:4)
  A white imp (D:4)
  An adder skeleton (D:5)
  3 worms
  6 dart slugs
  2 leopard geckos (D:2)
  9 orcs
  11 bats
  3 giant cockroaches
  11 goblins
  15 hobgoblins
  2 jackals (D:1)
  8 kobolds
  5 frilled lizards
  A quokka zombie (D:5)
  11 rats
105 creatures vanquished.

Notes
Turn   | Place    | Note
-------+----------+-------------------------------------------
     0 | D:1      | Redear the Mummy Monk began the quest for the Orb.
     0 | D:1      | Reached XP level 1. HP: 18/18 MP: 1/1
   266 | D:1      | Reached XP level 2. HP: 15/24 MP: 2/2
   429 | D:1      | HP: 2/24 [hobgoblin/+0 club (3)]
  1041 | D:1      | Reached XP level 3. HP: 29/29 MP: 3/3
  1746 | D:2      | Noticed Terence
  1886 | D:2      | Reached skill level 3 in Dodging
  1886 | D:2      | Reached skill level 3 in Unarmed Combat
  2318 | D:3      | HP: 3/30 [bat (1)]
  2588 | D:2      | Reached XP level 4. HP: 35/37 MP: 4/4
  3153 | D:2      | Reached skill level 4 in Fighting
  3573 | D:2      | Reached XP level 5. HP: 35/42 MP: 5/5
  4247 | D:3      | Noticed Sigmund
  5597 | D:4      | Found a stormy altar of Qazlal.
  5829 | D:4      | Noticed an ogre
  5959 | D:3      | Noticed Grinder
  5960 | D:3      | Paralysed by Grinder for 4 turns
  5979 | D:3      | Paralysed by Grinder for 3 turns
  5987 | D:3      | Paralysed by Grinder for 3 turns
  6008 | D:3      | Paralysed by Grinder for 5 turns
  6638 | D:4      | Found a sacrificial altar of Ru.
  7091 | D:4      | Found a shimmering altar of Xom.
  7185 | D:5      | Entered Level 5 of the Dungeon
  7185 | D:5      | Found an ornate altar of the Wu Jian Council.
  7189 | D:5      | Found a snail-covered altar of Cheibriados.
  7189 | D:5      | Found an ancient bone altar of Kikubaaqudgha.
  7205 | D:5      | Noticed an ogre
  7314 | D:5      | Noticed a sky beast
  7597 | D:5      | Reached XP level 6. HP: 41/49 MP: 6/6
  7694 | D:5      | Noticed an ice beast
  7731 | D:5      | Killed an ice beast
  7732 | D:5      | Reached skill level 4 in Unarmed Combat
  7832 | D:5      | Reached skill level 4 in Dodging
  8504 | D:4      | HP: 1/50 [ogre/+0 giant club (27)]
  8677 | D:5      | Slain by an ogre

Illustrated notes

Levels and vault maps discovered:
D:1:      eino_arrival_cavern_d, layout_basic, minmay_octomino_c4
D:2:      minmay_door_path, layout_loops_cross, wad_orctagon, uniq_terence
D:3:      layout_loops_cross, minmay_goblin_outpost, uniq_sigmund, uniq_grinder
D:4:      cheibrodos_quashed, layout_basic, general_overflow_altar,
          nicolae_ru_sacrificial_ziggurat, tgw_xom
D:5:      layout_cave_pools, tso_oasis_becter, lemuel_blue_sif_altar,
          grunt_temple_overflow_open

Skill      XL: |  1  2  3  4  5  6 |
---------------+-------------------+-----
Dodging        | 3 4 |  4.0
Unarmed Combat | 3 4 |  4.1
Fighting       | 4 |  4.9
Stealth        | |  1.5

Action                   |  1- 3 |  4- 6 || total
-------------------------+-------+-------++-------
Melee: Unarmed           |   179 |   367 ||   546
       Punch             |     3 |     7 ||    10
  Use: Scroll            |       |     1 ||     1
 Stab: Sleeping          |     1 |     1 ||     2
       Invisible         |       |     1 ||     1
Armor: Robe              |    36 |   102 ||   138
Dodge: Dodged            |   130 |   275 ||   405

Table legend: (Time is in decaauts)
 A = Elapsed time spent in this place.
 B = Non-inter-level travel time spent in this place.
 C = Inter-level travel time spent in this place.
 D = Time resting spent in this place.
 E = Time spent auto-exploring this place.
 F = Levels seen in this place.
 G = Mean time per level.
                   A        B        C        D        E       F      G
               +--------+--------+--------+--------+--------+-----+--------+
         Total |   8634 |   7844 |    790 |   2742 |   2425 |   5 | 1726.8 |
       Dungeon |   8634 |   7844 |    790 |   2742 |   2425 |   5 | 1726.8 |
               +--------+--------+--------+--------+--------+-----+--------+

Top non-repeatable levels by time:
     D:2: 3119 daAuts
     D:4: 2341 daAuts
     D:1: 1637 daAuts
     D:3: 1023 daAuts
     D:5: 512 daAuts
